 Dungeon Crawl Stone Soup version 0.24.0-123-gd5b16e6ec5 (webtiles) character file.

Game seed: 10662034246541330372, levelgen mode: deterministic

210 FishyPogo the Skirmisher (level 5, -12/61 HPs)
             Began as a Demonspawn Wizard on Dec 30, 2019.
             Was an Initiate of Okawaru.
             Killed by divine providence
             ... invoked by an orc priest
              (14 damage)
             ... on level 4 of the Dungeon.
             The game lasted 00:14:59 (3270 turns).

FishyPogo the Skirmisher (Demonspawn Wizard)        Turns: 3270, Time: 00:15:00

Health: -12/61     AC:  5    Str: 10 (13) XL:     5   Next: 56%
Magic:  4/9        EV: 17    Int: 23 (25) God:    Okawaru [......]
Gold:   150        SH:  0    Dex: 15 (16) Spells: 2/10 levels left

rFire    . . .     SeeInvis .   a - +0 dagger (venom)
rCold    . . .     Gourm    .   (no shield)
rNeg     . . .     Faith    .   v - +0 leather armour
rPois    +         Spirit   .   b - +1 hat
rElec    .         Reflect  .   k - +0 cloak
rCorr    .         Harm     .   (no gloves)
MR       +....                  (no boots)
Stlth    ..........             (no amulet)
HPRegen  0.20/turn              j - ring of stealth
MPRegen  0.11/turn              u - +5 ring of intelligence

@: agile, berserking, very slightly contaminated, very quick
A: horns 2, magic resistance 1, poison resistance
a: Renounce Religion


You were on level 4 of the Dungeon.
You worshipped Okawaru.
Okawaru was noncommittal.
You were very hungry.

You visited 1 branch of the dungeon, and saw 4 of its levels.

You collected 150 gold pieces.

Inventory:

Hand Weapons
 a - a +0 dagger of venom (weapon)
Missiles
 g - 97 stones (quivered)
 r - 4 boomerangs
 s - 2 silver boomerangs
Armour
 b - a +1 hat (worn)
 k - a +0 cloak (worn)
 v - a +0 leather armour (worn)
Jewellery
 j - a ring of stealth (left hand)
 u - a +5 ring of intelligence (right hand)
Wands
 f - a wand of iceblast (1)
Scrolls
 c - a scroll of identify
 h - 2 scrolls of teleportation {unknown}
 n - a scroll of fog {unknown}
 o - a scroll of enchant armour
 p - 4 scrolls of noise {unknown}
 q - a scroll of magic mapping {unknown}
 w - a scroll of immolation {unknown}
 x - a scroll of blinking {unknown}
 y - a scroll of fear {unknown}
Potions
 i - a potion of degeneration
 m - 2 potions of lignification
Comestibles
 d - 6 rations


   Skills:
 + Level 3.1 Fighting
 - Level 2.0 Short Blades
 + Level 1.9 Armour
 - Level 2.0 Dodging
 - Level 1.7 Stealth
 - Level 3.0 Spellcasting
 - Level 1.0 Conjurations
 - Level 1.0 Summonings
 + Level 1.4 Translocations
 + Level 2.1 Invocations


You had 2 spell levels left.
You knew the following spells:

 Your Spells              Type           Power        Failure   Level  Hunger
a - Magic Dart            Conj           #...         10%         1    None
c - Mephitic Cloud        Conj/Pois/Air  #.......     36%         3    ###....
j - Blink                 Tloc           N/A          13%         2    ##.....
n - Call Imp              Summ           #.......     16%         2    ##.....

Your spell library contained the following spells:

 Spells                   Type           Power        Failure   Level  Hunger
 Slow                     Hex            #.......     22%         2    ##.....
 Conjure Flame            Conj/Fire      #.......     36%         3    ###....


Dungeon Overview and Level Annotations

Branches:
Dungeon (4/15)
 Temple: D:4-7

Altars:
Okawaru
Trog


Innate Abilities, Weirdness & Mutations

You have a pair of horns on your head.
You are resistant to hostile enchantments. (MR+)
Your system is resistant to poisons. (rPois)


Message History

The orc hits you with a +0 dagger.
* * * LOW HITPOINT WARNING * * *
The orc wizard hits you but does no damage.
You hear some strange, mumbled words.
A magic dart appears from out of thin air!
The magic dart hits you.
* * * LOW HITPOINT WARNING * * *
The orc priest hits you but does no damage.
The orc hits you but does no damage.
It was a potion of berserk rage.
A red film seems to cover your vision as you go berserk!
You feel yourself moving faster!
You feel mighty!
You feel yourself speed up.
The orc shouts!
The orc wizard completely misses you. The orc wizard misses you.
Something hits you.
* * * LOW HITPOINT WARNING * * *
The orc priest calls down the wrath of Beogh upon you.
Beogh smites you!
You die...

#..## ###.#.#.#.#.#.# ###.##
#..#.#.#.#.#.#. #.###...##
#.#.#.#.#.#.#!. #.......##
#.o#.#.#.#.#.#
#........#######.#.#.#.#.#.#.o
#....#............#.#.#.#.#.#..
#....#...........#.#.#o#.#.#o.o
##..##.........o..#.#.#.#.#.#..
#.# #........@{.#.#.#.#.#)#.o.
#. #........oo..#.#.#.#.#.#.. #
#....###.....#.#.#.#.#.#...
#...## ###....#.#.#.#.#.#..
....# ##................ ....
###............. ##...........#
#.........### .>......[


You could see an orc priest, an orc wizard and 2 orcs.

Vanquished Creatures
  An orc priest (D:3)
  Jessica (D:2)
  Natasha (D:2)
  Ijyb (D:3)
  2 adders
  An ooze (D:2)
  5 dart slugs
  A leopard gecko (D:3)
  6 orcs
  3 ball pythons
  4 giant cockroaches
  3 goblins
  5 hobgoblins
  8 jackals (D:1)
  7 bats
  3 frilled lizards (D:1)
  3 kobolds
  2 rats (D:1)
57 creatures vanquished.

Vanquished Creatures (collateral kills)
  Natasha (D:2)
1 creature vanquished.

Grand Total: 58 creatures vanquished

Notes
Turn   | Place    | Note
-------+----------+-------------------------------------------
     0 | D:1      | FishyPogo the Demonspawn Wizard began the quest for the
                  | Orb.
     0 | D:1      | Reached XP level 1. HP: 13/13 MP: 4/4
   119 | D:1      | Reached skill level 1 in Fighting
   119 | D:1      | Gained mutation: You have a pair of small horns on your
                  | head. [demonic ancestry]
   119 | D:1      | Reached XP level 2. HP: 21/21 MP: 1/6
   260 | D:1      | Learned a level 2 spell: Blink
   263 | D:1      | Learned a level 2 spell: Call Imp
   545 | D:1      | Reached skill level 1 in Short Blades
   641 | D:1      | Reached XP level 3. HP: 27/27 MP: 4/7
   646 | D:1      | Learned a level 3 spell: Mephitic Cloud
  1132 | D:2      | Found a bloodstained altar of Trog.
  1132 | D:2      | Found an iron altar of Okawaru.
  1136 | D:2      | Became a worshipper of Warmaster Okawaru
  1357 | D:2      | Found a faded altar of an unknown god.
  1535 | D:2      | Noticed Jessica
  1626 | D:2      | Killed Jessica
  1626 | D:2      | Reached XP level 4. HP: 14/33 MP: 5/8
  1808 | D:2      | Noticed Natasha
  1819 | D:2      | Killed Natasha
  1819 | D:2      | Reached skill level 1 in Armour
  1886 | D:2      | Noticed Natasha
  1891 | D:2      | Killed Natasha
  2107 | D:2      | Reached skill level 1 in Invocations
  2411 | D:3      | Reached skill level 1 in Translocations
  2411 | D:3      | Reached XP level 5. HP: 28/40 MP: 2/9
  2633 | D:3      | Noticed Ijyb
  2687 | D:3      | Killed Ijyb
  3231 | D:4      | Noticed a sky beast
  3268 | D:4      | Gained mutation: You have a pair of horns on your head.
                  | [potion of mutation]
  3268 | D:4      | Gained mutation: Your system is resistant to poisons.
                  | (rPois) [potion of mutation]
  3268 | D:4      | Gained mutation: You are resistant to hostile enchantments.
                  | (MR+) [potion of mutation]
  3269 | D:4      | HP: 2/41 [something/magic dart (1)]
  3270 | D:4      | Killed from afar by an orc priest

Levels and vault maps discovered:
D:1:      evilmike_arrival_plus, layout_loops_ring
D:2:      layout_loops_ring, gammafunk_temple_overflow_wave,
          chequers_ecumenical_altar_lobes, serial_co_window_serial,
          co_window_corner_a, co_window_corner_a, co_window_corner_a,
          co_window_paths_b, co_window_cross_1, co_window_paths_b,
          co_window_paths_b, co_window_2corner, co_window_corner_b,
          co_window_corner_ca, glass_columns_a, glass_columns_a, uniq_natasha,
          uniq_jessica
D:3:      layout_loops_ring, uniq_ijyb
D:4:      layout_layer_cave, minivault_23, minmay_misc_feat_tower, uniq_menkaure

Skill      XL: |  1  2  3  4  5 |
---------------+----------------+-----
Dodging        | 2 |  2.0
Fighting       | 1 2 3 |  3.1
Short Blades   | 1 2 |  2.0
Armour         | 1 |  1.9
Invocations    | 1 2 |  2.1
Translocations | 1 |  1.4
Stealth        | |  1.7
Spellcasting   | |  3.0
Conjurations   | |  1.0
Summonings     | |  1.0

Action                   |  1- 3 |  4- 6 || total
-------------------------+-------+-------++-------
Melee: Dagger            |    63 |    65 ||   128
       Headbutt          |     8 |     6 ||    14
 Cast: Magic Dart        |    51 |    37 ||    88
       Blink             |     1 |       ||     1
       Call Imp          |       |     3 ||     3
       Mephitic Cloud    |       |     3 ||     3
  Use: Scroll            |     3 |       ||     3
       Potion            |       |     6 ||     6
 Stab: Sleeping          |     2 |       ||     2
  Eat: Chunk             |     2 |     5 ||     7
Armor: Robe              |    18 |    16 ||    34
       Leather armour    |       |    15 ||    15
Dodge: Dodged            |    36 |    33 ||    69
